[ PARTIDA AOE2 · #505664070 ]
UnrankedJemeres vs Magyars
Equipo del jugador · DERR
Equipo rival · VICT
[ ANÁLISIS DE REPETICIÓN · EXTRAÍDO DE LA PARTIDA GRABADA ]
Feudal
—
Castillos
—
Imperial
—
| APM promedio | 49.5 |
| APM pico | 100 |
| eAPM promedio | 29.2 |
| Aldeanos / militares | 159 / 159 |
Foco
⚔️ 32.5% · 🌾 67.5%
Spearman ×67 · Skirmisher ×31 · Battering Ram ×26 · Battle Elephant ×15 · Mangonel ×6 · Scorpion ×5
Feudal
—
Castillos
—
Imperial
—
| APM promedio | 31.8 |
| APM pico | 67 |
| eAPM promedio | 15.9 |
| Aldeanos / militares | 148 / 112 |
Foco
⚔️ 19.5% · 🌾 80.5%
Magyar Huszar ×82 · Cavalry Archer ×15 · Trebuchet (Packed) ×5 · Knight ×4 · Scout Cavalry ×4 · Monk ×2
Mapa de la partida
Recursos iniciales + cada clic de construcción. Líneas = muros · curvas = relieve. ◆ oro · ⬟ piedra · ● bayas · ✦ reliquia · ◌ hueco del cierre
Tu base· ✓ Cerrada en 20:16 · 65t muro · sin puerta
Base de MrFena· ✓ Cerrada en 18:09 · 44t muro · sin puerta
Terreno inicial suavizado · ◌ = hueco del cierre detectado · pasá el cursor para detalles
Inputs por minuto
— ManyKitten76428 - - MrFena
Build order — ManyKitten76428
Primeras 150 de 487 acciones detectadas
| 0:01 | Encolar | Villager (Male) |
| 0:02 | Encolar | Villager (Male) |
| 0:02 | Encolar | Villager (Male) |
| 0:02 | Encolar | Villager (Male) |
| 0:02 | Encolar | Villager (Male) |
| 0:02 | Encolar | Villager (Male) |
| 0:02 | Encolar | Villager (Male) |
| 0:02 | Encolar | Villager (Male) |
| 0:02 | Encolar | Villager (Male) |
| 0:02 | Encolar | Villager (Male) |
| 0:02 | Encolar | Villager (Male) |
| 0:04 | Construir | House |
| 0:06 | Construir | House |
| 1:16 | Encolar | Villager (Male) |
| 1:16 | Encolar | Villager (Male) |
| 1:51 | Encolar | Villager (Male) |
| 1:52 | Encolar | Villager (Male) |
| 1:52 | Encolar | Villager (Male) |
| 2:15 | Construir | Palisade Wall |
| 2:16 | Construir | Palisade Wall |
| 2:21 | Encolar | Villager (Male) |
| 2:21 | Encolar | Villager (Male) |
| 2:36 | Construir | Lumber Camp |
| 2:51 | Encolar | Villager (Male) |
| 2:51 | Encolar | Villager (Male) |
| 3:11 | Encolar | Villager (Male) |
| 3:11 | Encolar | Villager (Male) |
| 3:26 | Encolar | Villager (Male) |
| 3:27 | Encolar | Villager (Male) |
| 3:51 | Construir | House |
| 3:54 | Construir | Palisade Wall |
| 3:59 | Encolar | Villager (Male) |
| 3:59 | Encolar | Villager (Male) |
| 4:04 | Construir | House |
| 4:06 | Construir | House |
| 4:09 | Construir | House |
| 4:16 | Encolar | Villager (Male) |
| 4:16 | Encolar | Villager (Male) |
| 5:17 | Encolar | Villager (Male) |
| 5:18 | Encolar | Villager (Male) |
| 5:19 | Encolar | Villager (Male) |
| 5:20 | Encolar | Villager (Male) |
| 5:45 | Construir | Mill |
| 5:55 | Construir | Mill |
| 6:00 | Construir | Mill |
| 6:36 | Investigar | Loom |
| 7:11 | Investigar | Feudal Age |
| 7:18 | Construir | Palisade Wall |
| 7:29 | Construir | Palisade Wall |
| 7:30 | Construir | Palisade Wall |
| 7:47 | Construir | Mill |
| 8:20 | Construir | Palisade Wall |
| 8:44 | Construir | Palisade Wall |
| 8:57 | Encolar | Villager (Male) |
| 8:57 | Encolar | Villager (Male) |
| 9:12 | Encolar | Villager (Male) |
| 9:12 | Encolar | Villager (Male) |
| 10:00 | Construir | Palisade Wall |
| 10:03 | Construir | Palisade Wall |
| 10:17 | Construir | Palisade Wall |
| 10:19 | Construir | Palisade Wall |
| 10:26 | Encolar | Villager (Male) |
| 10:38 | Construir | Stable |
| 10:45 | Encolar | Villager (Male) |
| 10:55 | Investigar | Double-Bit Axe |
| 10:58 | Construir | Palisade Wall |
| 11:22 | Construir | Palisade Wall |
| 11:24 | Construir | Palisade Wall |
| 11:26 | Construir | Palisade Wall |
| 11:27 | Construir | Palisade Wall |
| 11:29 | Construir | Palisade Wall |
| 11:58 | Construir | Lumber Camp |
| 12:16 | Construir | Barracks |
| 12:21 | Construir | Palisade Wall |
| 12:23 | Construir | Palisade Wall |
| 12:27 | Encolar | Villager (Male) |
| 12:27 | Encolar | Villager (Male) |
| 12:27 | Encolar | Villager (Male) |
| 12:37 | Construir | Palisade Wall |
| 12:38 | Construir | Palisade Wall |
| 12:39 | Construir | Palisade Wall |
| 12:52 | Construir | Farm |
| 12:56 | Investigar | Horse Collar |
| 13:01 | Encolar | Spearman |
| 13:01 | Encolar | Spearman |
| 13:01 | Encolar | Spearman |
| 13:08 | Encolar | Villager (Male) |
| 13:21 | Construir | Farm |
| 13:44 | Encolar | Spearman |
| 14:03 | Encolar | Spearman |
| 14:18 | Construir | House |
| 14:30 | Construir | House |
| 14:49 | Construir | Palisade Wall |
| 15:03 | Construir | House |
| 15:04 | Construir | House |
| 15:17 | Encolar | Spearman |
| 15:18 | Encolar | Spearman |
| 15:39 | Construir | House |
| 15:47 | Construir | Mining Camp |
| 15:51 | Construir | Farm |
| 15:52 | Construir | Farm |
| 15:54 | Construir | Farm |
| 15:56 | Construir | Farm |
| 16:02 | Construir | House |
| 16:08 | Encolar | Spearman |
| 16:11 | Encolar | Scout Cavalry |
| 16:11 | Encolar | Scout Cavalry |
| 16:11 | Encolar | Scout Cavalry |
| 16:20 | Encolar | Villager (Male) |
| 16:20 | Encolar | Villager (Male) |
| 16:24 | Construir | Farm |
| 16:26 | Construir | Farm |
| 16:27 | Construir | Farm |
| 16:29 | Construir | Farm |
| 16:33 | Construir | House |
| 16:52 | Construir | Farm |
| 16:56 | Construir | House |
| 16:57 | Construir | Palisade Wall |
| 16:58 | Construir | Palisade Wall |
| 17:03 | Construir | Farm |
| 17:04 | Construir | Farm |
| 17:06 | Construir | Farm |
| 17:07 | Construir | Farm |
| 17:12 | Construir | Farm |
| 17:20 | Construir | Farm |
| 17:34 | Encolar | Villager (Male) |
| 17:34 | Encolar | Villager (Male) |
| 17:35 | Encolar | Villager (Male) |
| 17:52 | Construir | House |
| 17:55 | Encolar | Villager (Male) |
| 18:08 | Construir | Palisade Wall |
| 18:11 | Construir | House |
| 18:59 | Construir | House |
| 19:20 | Construir | Palisade Wall |
| 19:20 | Construir | Palisade Wall |
| 19:39 | Construir | Palisade Wall |
| 20:16 | Investigar | Castle Age |
| 20:16 | Investigar | Castle Age |
| 20:16 | Investigar | Castle Age |
| 20:18 | Construir | House |
| 20:20 | Construir | House |
| 21:06 | Construir | House |
| 21:54 | Investigar | Gold Mining |
| 22:16 | Construir | Barracks |
| 22:37 | Encolar | Spearman |
| 22:37 | Encolar | Spearman |
| 22:37 | Encolar | Spearman |
| 22:38 | Encolar | Spearman |
| 22:38 | Encolar | Spearman |
| 22:48 | Construir | Blacksmith |
Build order — MrFena
Primeras 150 de 374 acciones detectadas
| 0:00 | Encolar | Villager (Male) |
| 0:01 | Encolar | Villager (Male) |
| 0:02 | Construir | House |
| 0:03 | Construir | House |
| 0:13 | Encolar | Villager (Male) |
| 0:14 | Encolar | Villager (Male) |
| 0:14 | Encolar | Villager (Male) |
| 1:42 | Encolar | Villager (Male) |
| 1:42 | Encolar | Villager (Male) |
| 2:02 | Encolar | Villager (Male) |
| 2:18 | Encolar | Villager (Male) |
| 2:25 | Construir | Lumber Camp |
| 3:00 | Encolar | Villager (Male) |
| 3:00 | Encolar | Villager (Male) |
| 3:11 | Construir | House |
| 3:16 | Encolar | Villager (Male) |
| 3:16 | Encolar | Villager (Male) |
| 4:13 | Encolar | Villager (Male) |
| 4:13 | Encolar | Villager (Male) |
| 4:13 | Encolar | Villager (Male) |
| 4:14 | Encolar | Villager (Male) |
| 4:42 | Encolar | Villager (Male) |
| 4:46 | Construir | Mill |
| 5:34 | Encolar | Villager (Male) |
| 5:37 | Investigar | Loom |
| 6:46 | Investigar | Feudal Age |
| 6:47 | Investigar | Feudal Age |
| 7:49 | Construir | Barracks |
| 8:39 | Construir | House |
| 8:45 | Encolar | Villager (Male) |
| 8:45 | Encolar | Villager (Male) |
| 8:45 | Encolar | Villager (Male) |
| 8:58 | Construir | Stable |
| 9:13 | Construir | House |
| 9:18 | Construir | Palisade Wall |
| 9:52 | Encolar | Villager (Male) |
| 10:02 | Construir | House |
| 10:05 | Encolar | Scout Cavalry ×4 |
| 10:08 | Encolar | Villager (Male) |
| 10:23 | Construir | House |
| 10:29 | Investigar | Double-Bit Axe |
| 10:36 | Construir | Palisade Wall |
| 11:22 | Encolar | Villager (Male) |
| 11:22 | Encolar | Villager (Male) |
| 11:23 | Encolar | Villager (Male) |
| 11:24 | Construir | Farm |
| 11:25 | Construir | Farm |
| 11:25 | Construir | Farm |
| 11:25 | Construir | Farm |
| 11:25 | Construir | Farm |
| 11:26 | Construir | Farm |
| 11:26 | Construir | Farm |
| 11:26 | Construir | Farm |
| 11:54 | Encolar | Villager (Male) |
| 11:54 | Encolar | Villager (Male) |
| 12:29 | Construir | Mining Camp |
| 12:47 | Construir | Farm |
| 12:56 | Construir | Palisade Wall |
| 13:01 | Construir | Palisade Wall |
| 13:03 | Construir | Palisade Wall |
| 13:05 | Encolar | Villager (Male) |
| 13:06 | Encolar | Villager (Male) |
| 13:16 | Construir | Farm |
| 13:24 | Construir | Mill |
| 13:51 | Encolar | Villager (Male) |
| 13:52 | Encolar | Villager (Male) |
| 13:52 | Encolar | Villager (Male) |
| 14:27 | Encolar | Villager (Male) |
| 14:28 | Encolar | Villager (Male) |
| 15:06 | Investigar | Horse Collar |
| 15:15 | Construir | Farm |
| 15:16 | Construir | Farm |
| 15:16 | Construir | Farm |
| 15:16 | Construir | Farm |
| 15:40 | Encolar | Villager (Male) |
| 15:41 | Encolar | Villager (Male) |
| 15:41 | Encolar | Villager (Male) |
| 15:41 | Encolar | Villager (Male) |
| 15:41 | Encolar | Villager (Male) |
| 15:52 | Construir | House |
| 15:53 | Construir | House |
| 16:07 | Construir | Blacksmith |
| 16:12 | Construir | House |
| 16:14 | Construir | House |
| 16:16 | Construir | House |
| 16:17 | Construir | House |
| 16:26 | Investigar | Wheelbarrow |
| 17:15 | Construir | Farm |
| 17:15 | Construir | Farm |
| 17:15 | Construir | Farm |
| 17:58 | Construir | House |
| 17:59 | Construir | House |
| 18:00 | Construir | House |
| 18:09 | Investigar | Castle Age |
| 18:09 | Investigar | Castle Age |
| 18:43 | Investigar | Bloodlines |
| 18:49 | Investigar | Gold Mining |
| 19:54 | Construir | House |
| 19:55 | Construir | House |
| 19:59 | Construir | Mining Camp |
| 20:06 | Construir | Farm |
| 20:35 | Investigar | Scale Barding Armor |
| 20:36 | Investigar | Fletching |
| 20:47 | Construir | Palisade Gate |
| 20:54 | Encolar | Villager (Male) |
| 20:55 | Investigar | Hand Cart |
| 20:58 | Encolar | Knight ×4 |
| 21:30 | Construir | Archery Range |
| 21:31 | Construir | Archery Range |
| 21:45 | Construir | Farm |
| 21:55 | Construir | Town Center |
| 22:27 | Encolar | Villager (Male) |
| 22:29 | Investigar | Town Watch |
| 22:30 | Encolar | Villager (Male) |
| 22:31 | Encolar | Villager (Male) |
| 22:31 | Encolar | Villager (Male) |
| 23:10 | Investigar | Stone Mining |
| 23:39 | Investigar | Bow Saw |
| 23:44 | Encolar | Villager (Male) |
| 23:44 | Encolar | Villager (Male) |
| 23:54 | Investigar | Husbandry |
| 23:58 | Investigar | Bodkin Arrow |
| 23:59 | Investigar | Padded Archer Armor |
| 24:01 | Encolar | Villager (Male) |
| 24:01 | Encolar | Villager (Male) |
| 24:02 | Encolar | Villager (Male) |
| 24:36 | Construir | House |
| 24:48 | Encolar | Villager (Male) |
| 24:48 | Encolar | Villager (Male) |
| 24:49 | Encolar | Villager (Male) |
| 24:49 | Encolar | Villager (Male) |
| 24:49 | Encolar | Villager (Male) |
| 24:58 | Construir | Town Center |
| 25:10 | Construir | Archery Range |
| 25:16 | Construir | Archery Range |
| 25:22 | Construir | Archery Range |
| 25:44 | Construir | Archery Range |
| 26:00 | Construir | House |
| 26:03 | Construir | House |
| 26:21 | Encolar | Villager (Male) |
| 26:21 | Encolar | Villager (Male) |
| 26:22 | Encolar | Villager (Male) |
| 26:22 | Encolar | Villager (Male) |
| 26:22 | Encolar | Villager (Male) |
| 26:23 | Encolar | Villager (Male) |
| 26:23 | Encolar | Villager (Male) |
| 26:23 | Encolar | Villager (Male) |
| 26:23 | Encolar | Villager (Male) |
| 26:29 | Construir | University |
| 26:37 | Encolar | Cavalry Archer ×5 |
Cronología de la partida
| 2:15 | ManyKitten76428 · wall_segment Palisade Wall x1 |
| 2:16 | ManyKitten76428 · wall_segment Palisade Wall x1 |
| 3:54 | ManyKitten76428 · wall_segment Palisade Wall x1 |
| 7:18 | ManyKitten76428 · wall_segment Palisade Wall x4 |
| 7:29 | ManyKitten76428 · wall_segment Palisade Wall x4 |
| 7:30 | ManyKitten76428 · wall_segment Palisade Wall x1 |
| 7:49 | MrFena · first_building Barracks |
| 8:20 | ManyKitten76428 · wall_segment Palisade Wall x23 |
| 8:44 | ManyKitten76428 · wall_segment Palisade Wall x5 |
| 8:58 | MrFena · first_building Stable |
| 9:18 | MrFena · wall_segment Palisade Wall x8 |
| 10:00 | ManyKitten76428 · wall_segment Palisade Wall x1 |
| 10:03 | ManyKitten76428 · wall_segment Palisade Wall x1 |
| 10:17 | ManyKitten76428 · wall_segment Palisade Wall x1 |
| 10:19 | ManyKitten76428 · wall_segment Palisade Wall x1 |
| 10:36 | MrFena · wall_segment Palisade Wall x8 |
| 10:38 | ManyKitten76428 · first_building Stable |
| 10:58 | ManyKitten76428 · wall_segment Palisade Wall x1 |
| 11:22 | ManyKitten76428 · wall_segment Palisade Wall x1 |
| 11:24 | ManyKitten76428 · wall_segment Palisade Wall x1 |
| 11:26 | ManyKitten76428 · wall_segment Palisade Wall x1 |
| 11:27 | ManyKitten76428 · wall_segment Palisade Wall x1 |
| 11:29 | ManyKitten76428 · wall_segment Palisade Wall x1 |
| 12:16 | ManyKitten76428 · first_building Barracks |
| 12:21 | ManyKitten76428 · wall_segment Palisade Wall x1 |
| 12:23 | ManyKitten76428 · wall_segment Palisade Wall x1 |
| 12:37 | ManyKitten76428 · wall_segment Palisade Wall x1 |
| 12:38 | ManyKitten76428 · wall_segment Palisade Wall x1 |
| 12:39 | ManyKitten76428 · wall_segment Palisade Wall x1 |
| 12:56 | MrFena · wall_segment Palisade Wall x10 |
| 13:01 | MrFena · wall_segment Palisade Wall x14 |
| 13:03 | MrFena · wall_segment Palisade Wall x4 |
| 14:49 | ManyKitten76428 · wall_segment Palisade Wall x1 |
| 16:57 | ManyKitten76428 · wall_segment Palisade Wall x1 |
| 16:58 | ManyKitten76428 · wall_segment Palisade Wall x1 |
| 18:08 | ManyKitten76428 · wall_segment Palisade Wall x4 |
| 19:20 | ManyKitten76428 · wall_segment Palisade Wall x1 |
| 19:20 | ManyKitten76428 · wall_segment Palisade Wall x1 |
| 19:39 | ManyKitten76428 · wall_segment Palisade Wall x1 |
| 21:30 | MrFena · first_building Archery Range |
| 23:52 | ManyKitten76428 · wall_segment Palisade Wall x1 |
| 24:32 | ManyKitten76428 · first_building Monastery |
| 25:55 | ManyKitten76428 · first_building Siege Workshop |
| 28:58 | MrFena · first_building Monastery |
| 29:06 | ManyKitten76428 · first_building Archery Range |
| 30:55 | MrFena · first_building Castle |
| 38:03 | ManyKitten76428 · first_building Castle |
| 41:13 | MrFena · first_market_buy 100 wood |
| 48:41 | ManyKitten76428 · resign |
[ ANÁLISIS IA · 1 CRÉDITO ]
¿Qué pasó realmente en esta partida?
Wolo.gg analiza cada decisión: build order, eco, micro, errores típicos por bracket. Análisis personalizado por WhatsApp o Discord en 30 segundos.
Guía civ
Jemeres
Perfil
Jugador #15948060